 BcadrenCrawl: Boulder Brew version 0.06-744-gf22570f5e0 (webtiles) character file.

Game seed: 8805478871144552611

873 LabCoat the Skirmisher (level 8, 0/99 HPs) Hill Orc Fighter. Began on Mar 11, 2023. Slain by a phantom (2 damage) ... on level 3 of the Dungeon. The game lasted 00:13:47 (3464 turns).

LabCoat the Skirmisher (Hill Orc Fighter)           Turns: 3464, Time: 00:13:48

Health: 0/99       AC:  7    Str: 21    XL:     8 ^: 1105
Magic:  8/8        EV: 11    Int:  8    God:
Gold:   94         SH:  0    Dex: 10    Spells: 7/7 levels left

rFire    . . .     Slash    .   a - +0 war axe
rCold    . . .     Pierce   .   d - +1 spear (pierce)
rNeg     . . .     Bludgeon .   b - +0 scale mail
rCorr    . . .     Vision   .   (no helmet)
rPois    .         Gourm    .   (no cloak)
rElec    .         Faith    .   (no gloves)
MR       .....     Spirit   .   (no boots)
HPRegen  0.43/turn Reflect  .   (no amulet)
MPRegen  0.18/turn Harm     .   (no ring)
Stlth    ..........             (no ring)

@: no status effects
A: soft flesh
a: no special abilities


You were on level 3 of the Dungeon.
You were not hungry.

You visited 1 branch of the dungeon, and saw 3 of its levels.

You collected 94 gold pieces.

Inventory:

Weapons
 a - a +0 war axe (weapon)
 d - a +1 spear of piercing (weapon) Shields
 c - a +0 heater shield
Armour
 b - a +0 scale mail (worn)
Jewellery
 k - a cursed ring of protection from magic {(Curse: rF-)}
Scrolls
 h - a scroll of silence
 i - 2 scrolls of immolation
 j - a scroll of magic mapping
Potions
 e - 2 potions of cancellation
Comestibles
 f - 4 rations


   Skills:
 * Level 6.4 Fighting
 * Level 6.3 Axes & Hammers
 * Level 5.8 Armour
 + Level 2.1 Dodging
 + Level 4.7 Shields


You had 7 spell levels left.
You didn't know any spells.
Your spell library was empty.

Dungeon Overview and Level Annotations

Branches:
Dungeon (3/8)

Altars:
Ru
Trog


Innate Abilities, Weirdness & Mutations

((Your soft flesh is weak to deep cuts.
Heavy manmade armour will nullify this weakness. (rSlashing-)))


Message History

You hit the orc but do no damage.
The orc is heavily wounded. (4/7) HP You hit the hound skeleton (3).
The hound skeleton is heavily damaged. (12/21) HP The hound skeleton bites you but does no damage.
The orc hits you with a +0 club (2).
* * * LOW HITPOINT WARNING * * *
The hound skeleton bites you but does no damage.
The orc hits you but does no damage.
The hound skeleton bites you but does no damage.
You hit the orc but do no damage. You closely miss the phantom.
You hit the hound skeleton (5).
The hound skeleton is severely damaged. (7/21) HP You hit the orc (2).
She is perforated ruthlessly!
The orc is almost dead. (1/7) HP The hound skeleton bites you but does no damage.
The orc hits you with a +0 club (9)!
* * * LOW HITPOINT WARNING * * *
The hound skeleton barely misses you. The phantom hits you (2).
You die...

.................÷#####
.....##.########))######
###..##.########).#.....
..................}..... .
###..##.########..#.####
§.####..##.# #..#.#
##.........#########.#.#
#......^..=Z....%.........#
#.......%^@W....$..........
#......)†..o.........####.#
..................### # #
...###..#.#######.# # ##
#..#.# . # #..#.# # #..#.#
# #..#.# #


You could see a phantom, an orc and a hound skeleton.

Vanquished Creatures
  A water moccasin (D:2)
  A big kobold (D:2)
  2 jellies (D:2)
  A gnoll shaman (D:3)
  2 worker ants (D:3)
  7 giant cockroaches
  2 adders (D:2)
  5 gnolls (D:3)
  A gwybwca (D:3)
  36 sewer rats (D:2)
  3 cinder newts
  2 worms (D:2)
  An ooze (D:2)
  A dart slug (D:3)
  3 leopard geckos
  2 orcs (D:3)
  An adder skeleton (D:2)
  4 ball pythons (D:2)
  3 bats
  A goblin (D:1)
  A hobgoblin (D:1)
  8 kobolds
  A bat skeleton (D:2)
  A goblin skeleton (D:2)
  A quokka skeleton (D:3)
  11 withered plants (D:2)
102 creatures vanquished.

Vanquished Creatures (others)
  A big kobold (D:2)
  A giant cockroach (D:2)
  2 leopard geckos (D:2)
  A ball python (D:2)
  2 bats (D:2)
  A bat skeleton (D:2)
  3 kobolds (D:2)
  A giant blowfly (D:2)
  2 slimeheads (D:2)
  107 withered plants (D:2)
121 creatures vanquished.

Grand Total: 223 creatures vanquished

Notes
Turn   | Place    | Note
-------+----------+-------------------------------------------
     0 | D:1      | LabCoat the Hill Orc Fighter began the quest for the Orb.
     0 | D:1      | Reached XP level 1. HP: 29/29 MP: 1/1
    14 | D:1      | Reached XP level 2. HP: 8/39 MP: 2/2
   915 | D:2      | Reached XP level 3. HP: 39/49 MP: 3/3
   977 | D:2      | Reached XP level 4. HP: 30/59 MP: 4/4
   988 | D:2      | Reached skill level 1 in Dodging
   991 | D:2      | Reached XP level 5. HP: 29/69 MP: 5/5
  1302 | D:2      | Reached skill level 5 in Fighting
  1302 | D:2      | Reached XP level 6. HP: 57/79 MP: 6/6
  1543 | D:2      | Found a bloodstained altar of Trog.
  1582 | D:2      | Reached skill level 5 in Axes & Hammers
  1726 | D:2      | Reached skill level 5 in Armour
  1726 | D:2      | Reached XP level 7. HP: 83/89 MP: 7/7
  3053 | D:3      | Found a sacrificial altar of Ru.
  3424 | D:3      | Reached XP level 8. HP: 63/99 MP: 8/8
  3464 | D:3      | HP: 2/99 [orc/+0 club (9)]
  3464 | D:3      | Slain by a phantom

Illustrated notes

Levels and vault maps discovered:
D:1:      dpeg_arrival_rhombi, layout_basic, first_ration, st_stairs_9
D:2:      layout_sewer, overflow_temple_1_default, minmay_liquid_box
D:3:      layout_basic, nicolae_dithmenos_the_darkroom, nicolae_ru_awakened_eye

Skill      XL: |  1  2  3  4  5  6  7 |
---------------+----------------------+-----
Axes & Hammers | 3 4 5 6 |  6.3
Fighting       | 4 5 6 |  6.4
Armour         | 4 5 |  5.8
Dodging        | 1 2 |  2.1
Shields        | 4 |  4.7

Action                   |  1- 3 |  4- 6 |  7- 9 || total
-------------------------+-------+-------+-------++-------
Melee: War axe           |    37 |    74 |   117 ||   228
       Spear             |       |       |    24 ||    24
Throw: Stone             |    12 |    16 |    38 ||    66
       Bone              |     6 |    13 |    19 ||    38
       Rusty metal       |     5 |    12 |    11 ||    28
       Skull             |     6 |    15 |    22 ||    43
  Use: Potion            |     3 |     1 |     1 ||     5
  Eat: Chunk             |       |     3 |     6 ||     9
Armor: Scale mail        |    29 |    47 |    71 ||   147
Dodge: Dodged            |     8 |    14 |    36 ||    58
Block: Heater shield     |    16 |    30 |    39 ||    85
